 Dungeon Crawl Stone Soup version 0.17-a0-1078-g243345b (webtiles) character file.

517 Vivisectus the Magician (level 7, 0/36 HPs)
             Began as a Deep Elf Conjurer on May 19, 2015.
             Was an Initiate of Sif Muna.
             Killed by divine providence
             ... invoked by an orc priest
              (8 damage)
             ... on level 4 of the Dungeon.
             The game lasted 00:29:45 (4461 turns).

Vivisectus the Magician (Deep Elf Conjurer)         Turns: 4461, Time: 00:29:45

Health: 0/36       AC:  6    Str:  5    XL:     7   Next: 0%
Magic:  1/18       EV: 12    Int: 22    God:    Sif Muna [......]
Gold:   148        SH:  0    Dex: 15    Spells: 4 memorised, 7 levels left

rFire  . . .     SeeInvis .     j - +0 dagger (venom)
rCold  . . .     Clarity  .     t - +0 troll leather armour
rNeg   . . .     SustAb   .     (no shield)
rPois  .         Gourm    .     l - +0 helmet
rElec  .         Spirit   .     q - +0 cloak {MR+}
rCorr  .         Warding  .     (no gloves)
rMut   .         Stasis   .     (no boots)
MR     +....                    (no amulet)
Stlth  ++........               (no ring)
                                (no ring)

@: very slightly contaminated, somewhat resistant to hostile enchantments,
unstealthy
A: no striking features
a: Renounce Religion


You were on level 4 of the Dungeon.
You worshipped Sif Muna.
Sif Muna was noncommittal.
You were hungry.

You visited 1 branch of the dungeon, and saw 4 of its levels.

You collected 148 gold pieces.

Inventory:

Hand weapons
 j - a +0 dagger of venom (weapon)
 m - a +0 dagger of venom
 p - a +3 quarterstaff of chaos
Armour
 a - a +0 robe
 e - a +0 robe
 l - a +0 helmet (worn)
 q - a +0 cloak of magic resistance (worn)
 t - a +0 troll leather armour (worn)
Scrolls
 i - 2 scrolls of identify
 k - a scroll of teleportation {unknown}
 n - a scroll of remove curse
 r - a scroll of enchant weapon {unknown}
Potions
 g - a potion of flight {unknown}
 h - a potion of might {unknown}
 o - a potion of haste {unknown}
 s - 3 potions of mutation {unknown}
 u - a potion of agility {unknown}
 v - a potion of invisibility {unknown}
Books
 b - a book of Conjurations

   Spells                             Type                      Level
   a - Magic Dart                     Conjuration                  1
   b - Searing Ray                    Conjuration                  2
   c - Dazzling Spray                 Conjuration/Hexes            3
   d - Fulminant Prism                Conjuration/Hexes            4
   e - Iskenderun's Mystic Blast      Conjuration                  4
   f - Iskenderun's Battlesphere      Conjuration/Charms           5
Comestibles
 c - 3 bread rations
 d - 3 beef jerkies
 f - 2 meat rations
 w - 2 royal jellies


   Skills:
 - Level 2.4 Dodging
 - Level 2.4 Stealth
 + Level 6.4 Spellcasting
 + Level 6.4 Conjurations
 - Level 3.9 Hexes
 * Level 3.5 Charms


You had 7 spell levels left.
You knew the following spells:

 Your Spells              Type           Power        Failure   Level  Hunger
a - Magic Dart            Conj           ####         1%          1    None
b - Searing Ray           Conj           #####.       1%          2    None
c - Dazzling Spray        Conj/Hex       ####....     8%          3    #......
d - Iskenderun's Battles  Conj/Chrm      ####....     56%         5    #####..


Dungeon Overview and Level Annotations

Branches:
Dungeon (4/15)
 Temple: D:4-7

Altars:
Ashenzari
Dithmenos
Elyvilon
Gozag
Sif Muna


Message History

Confirm with . or Enter, or press ? or * to list all spells.
Aiming: Dazzling Spray
Press: ? - help, Shift-Dir - straight line, f/p - orc
Aim: an orc, wielding a club The spray of energy misses the orc priest.
The spray of energy hits the orc.
You kill the orc!
The orc priest hits you with a flail!
* * * LOW HITPOINT WARNING * * *
The crimson imp hits you but does no damage.
Drink which item? (? for menu, Esc to quit)
Okay, then.
Casting: Dazzling Spray
Confirm with . or Enter, or press ? or * to list all spells.
You don't have enough magic to cast that spell.
You hit the orc priest but do no damage.
The orc priest is poisoned.
The orc priest invokes the aid of Beogh against you.
Something smites you!
You die...

#.#'#.# #.#.#.#
#.#.#.#
#.#.#.##############
#.#<#.#.............
.
#.###.#'############
... #.........##
##...######.....#
.'...')o@5......#
######
##...#)###......#
#..... ##
#####......# #.####
#..........####.#
#.#####....'....#
#.# ##...###### #.#
##### #.#
#.##################


You could see an orc priest and a crimson imp.

Vanquished Creatures
  A black bear (D:4)
  A centaur (D:3)
  A hound (D:4)
  Crazy Yiuf (D:2)
  3 orc wizards
  An orc priest (D:3)
  A worker ant (D:4)
  7 adders
  An ooze (D:1)
  8 orcs
  2 ball pythons
  A bat skeleton (D:4)
  5 giant cockroaches
  4 goblins
  10 hobgoblins
  3 jackals
  13 kobolds
  2 quokkas (D:2)
  12 bats
  2 giant geckos
  6 giant newts
  A quokka skeleton (D:4)
  15 rats
101 creatures vanquished.

Notes
Turn   | Place    | Note
--------------------------------------------------------------
     0 | D:1      | Vivisectus the Deep Elf Conjurer began the quest for the Orb.
     0 | D:1      | Reached XP level 1. HP: 10/10 MP: 6/6
   223 | D:1      | Reached XP level 2. HP: 15/15 MP: 5/8
   228 | D:1      | Learned a level 2 spell: Searing Ray
   795 | D:1      | Reached XP level 3. HP: 17/19 MP: 7/10
   842 | D:1      | Reached skill level 5 in Conjurations
   848 | D:1      | Learned a level 3 spell: Dazzling Spray
  1087 | D:2      | Reached skill level 1 in Hexes
  1635 | D:2      | Reached XP level 4. HP: 15/24 MP: 8/12
  2247 | D:2      | Noticed Crazy Yiuf
  2254 | D:2      | Killed Crazy Yiuf
  2513 | D:2      | Reached XP level 5. HP: 17/28 MP: 10/14
  2520 | D:2      | Learned a level 5 spell: Iskenderun's Battlesphere
  2713 | D:3      | Reached skill level 5 in Spellcasting
  3207 | D:3      | Noticed a centaur
  3214 | D:3      | Killed a centaur
  3214 | D:3      | Reached skill level 6 in Conjurations
  3214 | D:3      | Reached XP level 6. HP: 13/32 MP: 4/16
  3818 | D:4      | Reached skill level 1 in Charms
  3950 | D:4      | Found a white marble altar of Elyvilon.
  3950 | D:4      | Found a deep blue altar of Sif Muna.
  3955 | D:4      | Found a shadowy altar of Dithmenos.
  3957 | D:4      | Found an opulent altar of Gozag.
  3957 | D:4      | Found a shattered altar of Ashenzari.
  3964 | D:4      | Became a worshipper of Sif Muna the Loreminder
  4459 | D:4      | Reached XP level 7. HP: 14/36 MP: 3/18
  4461 | D:4      | Killed from afar by an orc priest

Vault maps used:
D:1:      sevenhm_arrival_forest_fort_small_3
D:2:      uniq_crazy_yiuf_cottage
D:3:      first_bread, serial_forest, infiniplex_forest_end_3,
          infiniplex_forest_end_2, infiniplex_forest_clump_long,
          infiniplex_forest_straight_4, infiniplex_forest_straight_5,
          infiniplex_forest_lined_2, infiniplex_forest_lined_corner,
          minmay_crystal_water, minivault_27, minivault_23
D:4:      black_bear_nest_1, grunt_temple_overflow_open,
          kennysheep_opposing_triangles

Action                   |  1- 3 |  4- 6 |  7- 9 || total
-------------------------+-------+-------+-------++-------
Melee: Dagger            |    34 |    27 |     1 ||    62
       Quarterstaff      |       |    14 |       ||    14
 Cast: Magic Dart        |    57 |    57 |       ||   114
       Searing Ray       |     1 |     5 |       ||     6
       Dazzling Spray    |     2 |    20 |     2 ||    24
  Use: Scroll            |     1 |     3 |       ||     4
 Stab: Invisible         |     1 |     1 |       ||     2
       Sleeping          |       |     2 |       ||     2
  Eat: Chunk             |     2 |     9 |       ||    11
